Map: Neon Violet Square LE

Players

David (iPlayDefense) - Winner!

  • Race: Terran Terran
  • Spawn Location: 5:00

VOD

Have the link to the VOD?

Description

Time

  • Played on: April 6, 2025, 12:46 p.m.
  • Length: 32:58
Show
View Real Time Build Order
Export as new Build Order

David Terran - Winner!

Build Orders:  

Get SALT Encoding   

  12  0:01  SCV  
  13  0:22  Supply Depot  
  13  0:32  SCV  
  14  0:49  SCV  
  15  0:57  Barracks  
  15  1:19  SCV  
  16  1:35  SCV  
  17  1:53  Refinery  
  17  1:55  SCV  
  18  2:10  Supply Depot  
  18  2:12  SCV  
  19  2:29  SCV, Refinery  
  20  2:50  Command Center  
  20  2:53  SCV  
  21  3:00  Barracks Reactor  
  21  3:10  SCV  
  22  3:27  SCV  
  23  3:50  Marine  
  23  3:51  Marine  
  25  4:15  Marine  
  25  4:16  SCV, Marine  
  28  4:33  SCV  
  28  4:35  SCV  
  28  4:36  Bunker  
  30  4:40  Marine  
  30  4:41  Marine  
  32  4:50  SCV  
  32  4:52  SCV  
  34  5:05  Marine  
  34  5:06  Marine  
  34  5:07  SCV  
  34  5:09  SCV  
  38  5:22  Bunker  
  38  5:24  SCV  
  38  5:26  SCV  
  40  5:43  SCV  
  40  5:45  Supply Depot  
  41  6:01  Marine x2  
  41  6:04  Bunker  
  43  6:17  Supply Depot  
  43  6:20  SCV  
  43  6:21  SCV  
  43  6:26  Marine x2  
  47  6:37  SCV  
  47  6:38  SCV  
  49  6:51  Refinery  
  49  6:54  SCV  
  49  6:55  SCV  
  51  7:21  Orbital Command, Engineering Bay  
  51  7:27  Refinery  
  51  7:31  SCV  
  52  7:48  SCV  
  53  7:58  SCV  
  54  8:05  SCV  
  55  8:15  SCV  
  55  8:16  Factory  
  56  8:26  Barracks Tech Lab  
  56  8:32  SCV  
  57  8:56  Planetary Fortress  
  57  9:02  Unknown  
  57  9:08  Marauder  
  59  9:18  Factory Tech Lab  
  59  9:23  Armory  
  59  9:32  Structure Armor  
  59  9:38  Marauder  
  61  9:43  Command Center  
  61  10:23  Supply Depot  
  61  10:52  Hi-Sec Auto Tracking  
  61  10:53  Siege Tank, Marauder  
  61  10:56  Supply Depot  
  66  11:07  Missile Turret  
  66  11:38  Siege Tank  
  66  11:39  Supply Depot, Missile Turret  
  69  11:55  Terran Infantry Weapons Level 1  
  69  12:00  Terran Vehicle Weapons Level 1  
  69  12:10  Supply Depot  
  69  12:43  Supply Depot  
  69  13:08  Bunker  
  69  13:20  Supply Depot  
  69  13:33  Orbital Command  
  69  14:16  Ghost Academy  
  69  14:35  Terran Infantry Armor Level 1  
  69  15:00  Ghost  
  69  15:08  Thor  
  78  15:25  Missile Turret  
  78  15:40  Ghost  
  78  15:48  Thor  
  81  15:55  Missile Turret  
  81  16:08  Thor, Personal Cloaking  
  87  16:20  Ghost  
  90  16:30  Missile Turret  
  87  18:07  Siege Tank  
  87  18:19  Starport  
  87  18:42  Orbital Command  
  87  19:05  Siege Tank  
  90  19:30  Starport Tech Lab  
  90  19:50  Siege Tank  
  93  20:00  Concussive Shells  
  93  20:04  Terran Infantry Weapons Level 2  
  93  20:09  Terran Vehicle Weapons Level 2  
  93  20:27  Starport  
  93  21:23  Starport Tech Lab  
  93  21:28  Fusion Core  
  93  22:24  Command Center  
  93  22:53  Battlecruiser  
  93  22:54  Battlecruiser  
  105  23:14  Terran Infantry Armor Level 2  
  105  23:18  Terran Vehicle And Ship Armor Level 1  
  105  23:48  Supply Depot  
  105  24:08  Refinery  
  105  24:19  Supply Depot  
  105  24:23  Battlecruiser  
  105  24:24  Battlecruiser  
  117  24:44  Refinery  
  117  24:51  Supply Depot  
  117  25:07  Orbital Command  
  117  25:23  Supply Depot  
  117  25:53  Battlecruiser  
  117  25:54  Supply Depot, Battlecruiser  
  117  25:56  Command Center  
  117  25:58  Terran Ship Weapons Level 1  
  129  26:24  Terran Infantry Weapons Level 3  
  129  26:25  Supply Depot  
  129  26:57  Supply Depot  
  129  27:23  Battlecruiser  
  129  27:24  Battlecruiser  
  135  28:38  Terran Vehicle Weapons Level 3  
  135  28:53  Battlecruiser  
  135  28:54  Battlecruiser  
  147  29:14  Missile Turret  
  147  29:42  Missile Turret  
  147  30:09  Orbital Command  
  147  30:11  Missile Turret  
  147  30:23  Battlecruiser  
  147  30:24  Battlecruiser  
Tags
 
Add a new tag
Caveats
  • Supply blocks, unpowered buildings, or Contaminate may cause inaccurate times.
  • Supply counts are checked every 10 seconds.